 Dungeon Crawl Stone Soup version 0.18.1-6-gd335043 (webtiles) character file.

15322138 Yehuk the Invulnerable (level 27, 204/204 HPs)
             Began as a Gargoyle Fighter on May 18, 2016.
             Was the Champion of Zin.
             Escaped with the Orb
             ... and 15 runes!
             The game lasted 04:45:26 (103086 turns).

Yehuk the Invulnerable (Gargoyle Fighter)         Turns: 103086, Time: 04:45:27

Health: 204/204    AC: 55    Str: 31    XL:     27
Magic:  40/40      EV: 39    Int: 24    God:    Zin [******]
Gold:   14533      SH: 17    Dex: 22    Spells: 6 memorised, 14 levels left

rFire  + + +     SeeInvis +     u - +9 sacred scourge (holy)
rCold  + . .     Gourm    .     k - +5 scale mail of a bailey {+Fly rF+ Str+7 Dex-3}
rNeg   + . .     Faith    .     B - +5 buckler of an ossuary {rF+ Regen+ Str-4 Int+2}
rPois  ∞         Spirit   +     X - +2 hat {Spirit}
rElec  +         Dismiss  .     h - +0 cloak "Conk" {Dex+3}
rCorr  .         Reflect  .     K - +2 pair of gloves {Dex+3}
SustAt .         Harm     .     Q - +2 pair of boots of Demons {Int+9 Slay+3 Stlth-}
MR     ++...                    Z - amulet "Ululogeu" {Inacc +Blink Str+3 Int+2 Dex+3}
Stlth  ..........               a - ring "Ateroupp" {rPois rF+ AC+3 SInv}
                                v - ring "Zefet" {*Confuse rC+ EV+4 Str+3 Stlth+}

@: flying, very resistant to hostile enchantments, extremely unstealthy
A: big wings, horns 1, rugged brown scales 1, blink, clumsy 1, negative energy
resistance 1, regeneration 1, electricity resistance, unbreathing, petrification
resistance, rot immunity, AC +20
a: Stop Flying, Blink, Recite, Vitalisation, Imprison, Sanctuary, Donate Gold,
Cure All Mutations, Renounce Religion, Evoke Blink
0: Orb of Zot
}: 15/15 runes: decaying, serpentine, slimy, silver, golden, iron, obsidian,
icy, bone, abyssal, demonic, glowing, magical, fiery, dark


You escaped.
You worshipped Zin.
Zin was exalted by your worship.
You were hungry.

You visited 18 branches of the dungeon, and saw 92 of its levels.
You visited Pandemonium 1 time, and saw 29 of its levels.
You visited the Abyss 3 times.
You also visited: Trove, Ossuary, Bailey, Ice Cave and Wizlab.

You collected 17402 gold pieces.
You spent 2560 gold pieces at shops.
You donated 309 gold pieces to Zin.

Inventory:

Hand Weapons
 u - a +9 sacred scourge of holy wrath (weapon)
Armour
 f - the +8 plate armour of the Armadillo {rC+ rN+ rCorr Int+4}
   (You found it on level 7 of Tartarus)

   It affects your intelligence (+4).
   It protects you from cold.
   It protects you from negative energy.
   It protects you from acid and corrosion.
 g - the cursed +0 helmet "Osset" {rC+ Int+6}
   (You found it in Pandemonium)

   It affects your intelligence (+6).
   It protects you from cold.
   It has a curse placed upon it.
 h - the +0 cloak "Conk" (worn) {Dex+3}
   (Okawaru gifted it to you on level 2 of the Orcish Mines)

   It affects your dexterity (+3).
 k - the +5 scale mail of a bailey (worn) {+Fly rF+ Str+7 Dex-3}
   (You found it in Pandemonium)

   It affects your strength (+7).
   It affects your dexterity (-3).
   It protects you from fire.
   It lets you fly.
 B - the +5 buckler of an ossuary (worn) {rF+ Regen+ Str-4 Int+2}
   (You found it on level 13 of the Dungeon)

   It affects your strength (-4).
   It affects your intelligence (+2).
   It protects you from fire.
   It increases your rate of regeneration.
 K - a +2 pair of gloves of dexterity (worn)
 Q - the +2 pair of boots of Demons (worn) {Int+9 Slay+3 Stlth-}
   (You acquired it on level 2 of the Swamp)

   It affects your intelligence (+9).
   It affects your accuracy and damage with ranged weapons and melee attacks
   (+3).
   It makes you less stealthy.
 X - a +2 hat of spirit shield (worn)
Jewellery
 a - the ring "Ateroupp" (right hand) {rPois rF+ AC+3 SInv}
   (You found it on level 3 of the Tomb of the Ancients)

   [ring of protection]

   It affects your AC (+3).
   It protects you from fire.
   It protects you from poison.
   It lets you see invisible.
 v - the ring "Zefet" (left hand) {*Confuse rC+ EV+4 Str+3 Stlth+}
   (You found it on level 6 of the Pits of Slime)

   [ring of evasion]

   It affects your evasion (+4).
   It affects your strength (+3).
   It protects you from cold.
   It may confuse you when you take damage.
   It makes you more stealthy.
 w - a +2 amulet of reflection
 y - a +2 amulet of reflection
 T - an uncursed ring of stealth
 Z - the amulet "Ululogeu" (around neck) {Inacc +Blink Str+3 Int+2 Dex+3}
   (You found it on level 3 of the Elven Halls)

   [amulet of inaccuracy]

   It reduces the accuracy of all your attacks.
   It affects your strength (+3).
   It affects your intelligence (+2).
   It affects your dexterity (+3).
   It lets you blink.
Wands
 z - a wand of teleportation (2/9)
 D - a wand of digging (15/24)
 E - a wand of acid (0/15)
 N - a wand of teleportation (5/9)
 R - a wand of paralysis (19/24)
 V - a wand of disintegration (7/24)
 Y - a wand of acid (2/15)
Scrolls
 b - 8 scrolls of enchant armour
 e - 2 scrolls of silence
 n - 15 scrolls of recharging
 t - 4 scrolls of holy word
 x - 7 scrolls of enchant weapon
 A - 21 scrolls of identify
 F - 9 scrolls of immolation
 G - 36 scrolls of remove curse
 H - 6 scrolls of magic mapping
 J - 12 scrolls of fear
 M - 13 scrolls of blinking
 O - 5 scrolls of summoning
 P - 4 scrolls of teleportation
 S - 11 scrolls of fog
 W - 23 scrolls of amnesia
Potions
 c - 5 potions of cure mutation
 d - 10 potions of might
 i - 2 potions of cancellation
 l - 4 potions of magic
 m - 9 potions of invisibility
 o - 13 potions of agility
 p - 9 potions of haste
 r - 3 potions of heal wounds
 s - 15 potions of brilliance
 C - 2 potions of berserk rage
 L - 7 potions of curing
 U - 4 potions of ambrosia
Comestibles
 j - 8 fruits
 q - 22 meat rations
 I - 46 bread rations


   Skills:
 O Level 27 Fighting
 O Level 27 Maces & Flails
 O Level 27 Armour
 O Level 27 Dodging
 + Level 26.9 Shields
 - Level 10.3 Spellcasting
 - Level 5.0 Charms
 - Level 9.1 Necromancy
 - Level 10.4 Translocations
 - Level 4.0 Air Magic
 O Level 27 Invocations


You had 14 spell levels left.
You knew the following spells:

 Your Spells              Type           Power        Failure   Level  Hunger
a - Repel Missiles        Chrm/Air       ####..       1%          2    None
b - Controlled Blink      Tloc           N/A          100%        8    #######
c - Regeneration          Chrm/Necr      #####.....   1%          3    None
d - Lee's Rapid Deconstr  Erth           ##........   99%         5    ####...
e - Dispel Undead         Necr           ######..     6%          5    ####...
f - Tornado               Air            ####......   100%        9    #######


Dungeon Overview and Level Annotations

Branches:
Dungeon (15/15)            Temple (1/1) D:7            Lair (8/8) D:10
  Swamp (4/4) Lair:6        Snake (4/4) Lair:6        Slime (6/6) Lair:6
    Orc (2/2) D:12            Elf (3/3) Orc:2        Vaults (5/5) D:14
  Crypt (3/3) Vaults:3       Tomb (3/3) Crypt:3      Depths (5/5) D:15
   Hell (1/1)                 Dis (7/7) Hell            Geh (7/7) Hell
    Coc (7/7) Hell            Tar (7/7) Hell            Zot (5/5) Depths:5

Altars:
Ashenzari
Cheibriados
Dithmenos
Elyvilon
Fedhas
Gozag
Kikubaaqudgha
Makhleb
Nemelex Xobeh
Okawaru
Pakellas
Qazlal
Ru
Sif Muna
Trog
Vehumet
Xom
Yredelemnul
Zin
The Shining One
Beogh

Shops:
D:6 [   D:7 }   D:13 (   D:14 (=   Orc:1 [*}!%   Orc:2 *}[=[   Elf:2 *
Snake:3 %   Vaults:1 !   Vaults:2 =

Portals:
Hell: Lair:8 Depths:1 Depths:2 Depths:3 Depths:4 Depths:5
Abyss: Depths:1 Depths:4 Depths:5
Pandemonium: Depths:2 Depths:3
Ziggurat: Depths:1


Innate Abilities, Weirdness & Mutations

You are resistant to torment.
Your stone body is resilient (AC +20).
You are immune to poison.
Your large and strong wings let you fly indefinitely.
You resist negative energy.
You are resistant to electric shocks.
You can survive without breathing.
You are immune to petrification.
You are immune to rotting.
You have a pair of small horns on your head.
You are partially covered in rugged brown scales (AC +1, +3% HP).
You can translocate small distances at will.
You are clumsy. (Dex -2)
Your natural rate of healing is unusually fast.


Message History

No target in view!
No target in view!
No target in view!
No target in view!
No target in view!
(D) Dungeon (T) Temple (L) Lair (S) Swamp (P) Snake Pit (M) Slime Pits (O) Orcish Mines (E) Elven Halls (V) Vaults (C) Crypt (W) Tomb (U) Depths (H) Hell (I) Dis (G) Gehenna (X) Cocytus (Y) Tartarus (Z) Zot
Where to? (Enter - D:1 @ (x,y), ? - help)
You hear a grinding noise.
You hear a grinding noise.
You hear a grinding noise.
You hear a grinding noise.
You see here a short sword.
There is a large open door here.
There is a staircase leading out of the dungeon here.
Char dumped successfully.
You have escaped!

### ###''###
###≈≈..§§###
##≈§§≈..≈≈≈≈##
###
#§≈§#≈..≈#§≈≈#
..#
##≈§≈≈≈..≈§§≈§##
#.#
#≈≈≈§≈§..≈≈≈§§≈#
#.#
#§≈≈≈≈#..#§§§§§#
#.#
#≈≈#≈≈#..#≈§#≈≈#
#.#
#≈≈≈≈≈#@.#≈§§≈≈#
#.########≈≈≈≈
#### ≈≈≈≈#
#........#≈≈§≈
≈≈§≈#
###########≈
§§##


There were no monsters in sight!

Vanquished Creatures
  Cerebov (Pan)
  Antaeus (Coc:7)
  Asmodeus (Geh:7)
  the Royal Jelly (Slime:6)
  Gloorx Vloq (Pan)
  Ereshkigal (Tar:7)
  Ignacio (Pan)
  Lom Lobon (Pan)
  the Serpent of Hell (Geh:7)
  Dispater (Dis:7)
  Mnoleg (Pan)
  4 orbs of fire (Zot:5)
  Mara (Tomb:1)
  A juggernaut (Depths:3)
  5 ancient liches
  19 pandemonium lords
  35 greater mummies
  2 shard shrikes
  Boris (Vaults:5)
  The ghost of blami the Slayer, a veteran MiGl of the Shining One (Vaults:5)
  Frederick (Tomb:2)
  Margery (Vaults:5)
  Saint Roka (Vaults:5)
  Vashnia (Snake:3)
  Norris (Vaults:1)
  2 curse toes
  Geryon (Hell)
  4 Killer Klowns
  Jory (Vaults:4)
  10 golden dragons
  2 profane servitors
  5 iron giants
  The ghost of Scarto the Warrior, an adept DsFi of Trog (Slime:6)
  Xtahua (Vaults:5)
  9 bone dragons
  27 Tzitzimimeh
  13 Brimstone Fiends
  4 electric golems
  4 doom hounds
  A hellephant (Hell)
  7 liches
  30 Orb Guardians
  17 tentacled monstrosities
  Rupert (D:14)
  12 titans
  3 quicksilver dragons
  A moon troll (WizLab)
  12 Hell Sentinels
  9 deep elf blademasters
  9 Ice Fiends
  A titan (shapeshifter) (Depths:3)
  6 deep elf master archers
  37 Executioners (Pan)
  11 death cobs
  12 acid blobs
  7 sphinxes
  14 tentacled starspawn
  10 ancient champions
  An eldritch tentacle (Coc:7)
  Kirke (Swamp:3)
  6 tengu reavers
  8 storm dragons
  16 shadow dragons
  Agnes (D:15)
  3 draconian monks
  Roxanne (Swamp:4)
  3 thorn hunters
  A storm dragon (shapeshifter) (Vaults:5)
  4 revenants
  7 greater nagas (Snake:4)
  3 daevas
  9 azure jellies (Slime:6)
  Donald (D:14)
  49 balrugs
  28 fire giants
  9 deep elf sorcerers
  24 cacodemons
  4 ghost moths
  6 draconian knights
  15 frost giants
  10 iron dragons
  Louise (Elf:3)
  Aizul (Snake:4)
  21 vault wardens
  3 angels (Pan)
  17 warmongers (Pan)
  3 draconian shifters
  7 curse skulls
  2 orc warlords
  4 draconian scorchers
  5 draconian zealots
  25 ghouls
  2 spriggan defenders (Depths:3)
  9 draconian annihilators
  9 deep elf elementalists
  51 reapers
  5 draconian callers
  36 stone giants
  19 ironheart preservers
  18 war gargoyles
  13 very ugly things
  3 apis (Pan)
  15 corrupters (Pan)
  4 elemental wellsprings
  14 green draconians
  8 black draconians
  13 vampire knights
  10 salamander stormcallers
  10 chaos champions (Pan)
  8 deep elf demonologists
  26 lorocyprocas
  9 purple draconians
  7 mottled draconians
  A dire elephant (Lair:8)
  21 blood saints (Pan)
  Azrael (D:15)
  2 bennus (Tomb:2)
  5 spark wasps
  15 red draconians
  11 white draconians
  7 deep elf annihilators
  11 eidola
  11 yellow draconians
  9 black suns (Pan)
  A crystal guardian (WizLab)
  26 small abominations
  13 ettins
  A merfolk javelineer (Depths:2)
  6 quicksilver dragon zombies
  6 death oozes
  35 blizzard demons
  27 green deaths
  8 jiangshi
  28 mummy priests
  31 vault guards
  3 merfolk impalers
  10 deep elf death magi
  4 deep elf high priests
  A fire dragon (shapeshifter) (Vaults:5)
  20 fire dragons
  14 yaktaur captains
  16 great orbs of eyes
  3 quicksilver dragon skeletons
  30 ice dragons
  2 kraken zombies (Hell)
  14 hell beasts
  5 entropy weavers
  9 naga warriors
  21 hydras
  A spriggan air mage (Depths:4)
  8 anacondas
  12 monstrous demonspawn (Pan)
  An alligator snapping turtle (shapeshifter) (Vaults:5)
  5 ghost crabs
  The ghost of BulkMonkey the Cleaver, a novice DDSk of Makhleb (Bailey)
  Erolcha (D:13)
  7 alligators
  8 rakshasas
  A satyr (Abyss:5)
  9 death knights
  22 dancing weapons
  The ghost of George the Carver, a novice MiFi of the Shining One (Bailey)
  14 centaur warriors
  9 deep troll shamans
  3 tengu warriors
  14 ogre magi
  4 death yaks (Lair:8)
  16 deep troll earth magi
  17 hell hogs
  5 titan zombies
  3 spriggan berserkers
  8 vampire magi
  5 shock serpents
  66 soul eaters
  21 naga sharpshooters
  81 sun demons
  28 deep elf knights
  5 titan skeletons
  14 thrashing horrors
  33 hell knights
  7 storm dragon skeletons
  7 storm dragon zombies
  5 salamander mystics
  6 wretched stars
  Nergalle (D:10)
  122 skeletal warriors
  5 spatial maelstroms (Abyss:3)
  9 shadow wraiths
  5 iron trolls
  A fire crab (Vaults:1)
  5 sea snakes (Snake:3)
  48 death scarabs
  12 anaconda zombies
  2 ghost moth zombies
  8 giant orange brains
  A death drake (Tar:3)
  40 deep trolls
  30 shadow demons
  3 golden dragon zombies
  12 unseen horrors
  An orange crystal statue (WizLab)
  15 gelid demonspawn (Pan)
  15 infernal demonspawn
  16 flayed ghosts
  A spriggan druid (Swamp:4)
  10 swamp dragons
  The ghost of ThereIsNoGod the Shield-Bearer, a novice GrFi of Cheibriados (D:9)
  14 torturous demonspawn (Pan)
  32 anubis guards
  6 naga ritualists
  29 deep elf archers
  5 wolf spider zombies
  4 hill giants
  16 putrid demonspawn (Pan)
  A hill giant (shapeshifter) (Vaults:5)
  41 phantasmal warriors
  34 starcursed masses
  A lindwurm (Lair:7)
  6 shambling mangroves
  4 golden dragon skeletons
  9 harpies
  4 anaconda skeletons
  16 orc knights
  7 stone giant zombies
  5 shadow dragon zombies
  11 wizards
  10 mana vipers
  30 ugly things
  14 ironbrand convokers
  20 necromancers
  5 griffons
  74 deep elf magi
  2 hornets (shapeshifter)
  4 hornets
  5 orc sorcerers
  6 iron dragon zombies
  A shining eye (shapeshifter) (Vaults:5)
  20 salamanders
  2 wolf spiders
  5 shadow dragon skeletons
  10 fire giant zombies
  5 shining eyes
  7 cyclopes
  A sphinx skeleton (Crypt:2)
  12 frost giant zombies
  37 sixfirhies
  5 elephants
  An iron dragon skeleton (Hell)
  29 moths of wrath
  4 manticores
  2 worldbinders
  An octopode (shapeshifter) (Vaults:5)
  11 dire elephant zombies
  11 vault sentinels
  6 guardian serpents
  18 rust devils
  9 human skeletons
  6 stone giant skeletons
  6 ice statues
  6 frost giant skeletons
  2 water nymphs (Abyss:5)
  4 fire giant skeletons
  7 eyes of devastation
  40 black mambas
  A water nymph (shapeshifter) (Vaults:1)
  17 naga magi
  2 apocalypse crabs
  2 shock serpent zombies
  12 spiny frogs
  3 shock serpent skeletons
  5 molten gargoyles
  43 orange demons
  5 spectral swamp worms (Depths:1)
  83 smoke demons
  55 yaktaurs
  35 hellions
  3 rime drakes
  A spriggan zombie (Depths:1)
  2 komodo dragons (shapeshifter)
  4 dire elephant skeletons
  9 komodo dragons
  39 freezing wraiths
  5 catoblepas zombies
  14 efreet
  3 emperor scorpion zombies
  20 demonic crawlers
  A red draconian zombie (Crypt:1)
  2 anaconda simulacra
  3 yaktaur skeletons
  32 tormentors
  2 kobold demonologists
  3 harpy zombies
  A mottled draconian zombie (Crypt:3)
  63 red devils
  A catoblepas skeleton (Tar:3)
  A rime drake (shapeshifter) (Vaults:1)
  30 guardian mummies
  47 ice devils
  A merfolk (shapeshifter) (Depths:4)
  2 tengu conjurers (Depths:1)
  31 hellwings
  7 jumping spiders
  10 ancient zymes
  13 hydra zombies
  A polar bear (Lair:7)
  11 trolls
  A polar bear (shapeshifter) (Vaults:1)
  2 wind drakes (Abyss:3)
  3 harpy skeletons
  3 silent spectres (Tar:7)
  2 trolls (shapeshifter)
  20 two-headed ogres
  4 giant leeches
  21 raiju
  A sphinx simulacrum (Depths:5)
  A boulder beetle (shapeshifter) (Depths:3)
  6 hydra skeletons
  78 slime creatures
  23 ushabtiu
  13 blink frogs
  A hornet zombie (Crypt:2)
  18 bog bodies
  2 boulder beetles
  A death drake skeleton (Crypt:1)
  A minotaur skeleton (Tar:7)
  A raiju (shapeshifter) (Depths:3)
  5 ettin zombies
  4 fire dragon zombies
  4 ice dragon zombies
  8 alligator zombies
  A stone giant simulacrum (Abyss:3)
  6 ettin skeletons
  6 fire dragon skeletons
  12 redbacks
  4 alligator skeletons
  2 black mamba zombies
  A redback (shapeshifter) (Depths:2)
  A spriggan skeleton (Depths:1)
  4 air elementals
  88 flying skulls
  48 shadows
  A spriggan (shapeshifter) (Depths:4)
  An elf simulacrum (Depths:1)
  A tarantella (shapeshifter) (Vaults:4)
  2 tarantellas
  A yak (shapeshifter) (Vaults:2)
  33 water elementals
  26 wraiths
  A vampire (Abyss:3)
  68 ynoxinuls
  3 ice dragon skeletons
  8 spriggans
  17 fire elementals
  13 hippogriffs
  4 basilisks
  4 wyverns
  42 yaks
  Grum (D:11)
  45 neqoxecs
  5 hogs (Swamp:3)
  13 fire bats
  16 humans (D:14)
  The ghost of Bubs the Shield-Bearer, an amateur FoFi (D:3)
  A golden eye (shapeshifter) (Elf:1)
  10 hungry ghosts
  A steam dragon (Lair:4)
  35 vampire mosquitoes
  10 golden eyes
  10 spatial vortices
  42 chaos spawn
  Menkaure (D:4)
  4 human simulacra
  4 mottled dragons (Vaults:1)
  20 swamp worms
  A merfolk zombie (Crypt:3)
  10 wargs
  58 nagas
  9 insubstantial wisps
  A putrid demonspawn zombie (Crypt:1)
  17 water moccasins
  79 large abominations
  A soldier ant (shapeshifter) (Depths:4)
  5 giant eyeballs
  67 hell hounds
  8 spiny frog zombies
  A deep troll skeleton (Vaults:3)
  7 porcupines
  12 swamp drakes
  A hornet simulacrum (Vaults:1)
  20 ice beasts
  3 black bears
  45 orc warriors
  A spiny frog skeleton (Hell)
  15 wasps
  12 phantoms
  A black bear (shapeshifter) (Depths:1)
  2 ettin simulacra
  3 manticore zombies
  7 snapping turtle zombies
  A tengu (shapeshifter) (D:11)
  10 eyes of draining
  51 ogres
  36 necrophages
  A swamp dragon skeleton (Abyss:4)
  A swamp dragon zombie (Dis:4)
  13 wolves
  3 sky beasts
  3 snapping turtle skeletons
  6 boggarts (Vaults:1)
  19 centaurs
  A crocodile (shapeshifter) (Vaults:5)
  13 crocodiles
  An octopode zombie (Crypt:1)
  A salamander zombie (Crypt:2)
  3 elf zombies
  2 earth elementals (Elf:3)
  20 giant frogs
  3 wyvern zombies
  3 spiny frog simulacra
  A glowing shapeshifter simulacrum (Vaults:5)
  5 wyvern skeletons (Crypt:3)
  A water moccasin zombie (D:5)
  5 scorpions
  49 wights
  4 killer bees (D:7)
  A jelly (shapeshifter) (Vaults:5)
  A howler monkey (shapeshifter) (Depths:5)
  10 electric eels
  4 howler monkeys
  A vampire bat (Abyss:3)
  A troll skeleton (Tomb:3)
  9 crimson imps
  2 human zombies
  4 centaur zombies
  12 jellies
  5 quasits
  A black bear zombie (Crypt:2)
  5 hounds
  4 centaur skeletons
  3 giant frog skeletons
  22 orc priests
  26 orc wizards
  6 iguanas
  14 iron imps
  Terence (D:2)
  A hell rat (Hell)
  7 worker ants
  20 sheep
  A killer bee zombie (Crypt:1)
  A big kobold zombie (Ossuary)
  A centaur simulacrum (Coc:5)
  A mottled dragon skeleton (Crypt:1)
  3 hound zombies
  2 hound skeletons
  A naga skeleton (Pan)
  48 mummies
  A howler monkey skeleton (D:6)
  Robin (D:3)
  15 gnolls
  12 adders
  47 river rats
  12 shadow imps
  26 white imps
  6 ufetubi
  2 oozes
  3 adder skeletons
  5 adder zombies
  2 worms (D:2)
  6 giant geckos
  112 orcs
  A bat skeleton (Crypt:1)
  7 giant cockroaches
  35 goblins
  32 hobgoblins
  4 jackals (D:5)
  14 kobolds
  2 ball pythons
  10 bats
  A giant gecko skeleton (D:7)
  A giant gecko zombie (Crypt:1)
  6 giant newts
  A goblin zombie (Ossuary)
  9 hobgoblin zombies (Ossuary)
  A jackal zombie (Ossuary)
  2 kobold skeletons (Geh:7)
  10 kobold zombies
  9 orc zombies (Ossuary)
  A quokka skeleton (D:7)
  5 rats
  2 rat zombies (Ossuary)
  A fire vortex (Geh:6)
  6 fungi
  A lurking horror (Abyss:1)
  30 pillars of salt
  3 plants
  20 starspawn tentacles
  4 tentacles (Hell)
  A withered plant (Crypt:3)
5673 creatures vanquished.

Vanquished Creatures (others)
  2 eldritch tentacles
  A revenant (Tomb:2)
  2 fire giants
  A frost giant (Crypt:1)
  2 draconian scorchers
  A deep elf sorcerer (Vaults:1)
  A blood saint (Pan)
  2 elemental wellsprings (Coc:7)
  2 bennus (Tomb:2)
  An ettin (Vaults:5)
  A deep elf high priest (Elf:3)
  A naga warrior (Snake:4)
  A hell hog (Geh:4)
  A death scarab (Tomb:2)
  An anaconda zombie (Coc:7)
  An unseen horror (D:13)
  A naga ritualist (Snake:4)
  A putrid demonspawn (Pan)
  A torturous demonspawn (Pan)
  A deep elf mage (Vaults:5)
  A yaktaur (Depths:2)
  A hellwing (Pan)
  2 ynoxinuls (Pan)
  7 flying skulls
  A neqoxec (Pan)
  A soldier ant (shapeshifter) (Depths:2)
  A swamp drake (Swamp:3)
  A wasp (Swamp:3)
  A necrophage (Tar:1)
  2 wights (Tar:1)
  2 iron imps (Dis:6)
  An orc wizard (Vaults:5)
  5 mummies (Tomb:2)
  A white imp (Coc:7)
  A ball lightning (Depths:2)
  2 orcs (Vaults:5)
  A briar patch (Swamp:4)
  5 demonic plants (WizLab)
  139 eldritch tentacle segments
  3 fungi
  6 lost souls
  A lurking horror (Abyss:3)
  211 pillars of salt
  5 plants
  38 starspawn tentacles
  687 starspawn tentacle segments
  11 tentacles (Hell)
  277 tentacle segments (Hell)
  A withered plant (Crypt:3)
1440 creatures vanquished.

Grand Total: 7113 creatures vanquished

Notes
Turn   | Place    | Note
--------------------------------------------------------------
     0 | D:1      | Yehuk the Gargoyle Fighter began the quest for the Orb.
     0 | D:1      | Reached XP level 1. HP: 14/14 MP: 1/1
   158 | D:1      | Reached XP level 2. HP: 19/19 MP: 2/2
   433 | D:1      | Reached XP level 3. HP: 22/23 MP: 3/3
   905 | D:2      | Reached skill level 5 in Armour
   997 | D:2      | Reached XP level 4. HP: 12/28 MP: 4/4
  1254 | D:2      | Noticed Terence
  1285 | D:2      | Killed Terence
  1923 | D:2      | Reached XP level 5. HP: 31/32 MP: 5/5
  2100 | D:3      | Noticed Bubs's ghost (amateur FoFi)
  2111 | D:3      | Killed Bubs's ghost
  2111 | D:3      | Reached XP level 6. HP: 30/37 MP: 6/6
  2441 | D:3      | Found a faded altar to an unknown god.
  2574 | D:3      | Noticed Robin
  2603 | D:3      | Killed Robin
  2731 | D:4      | Noticed a phantom
  2778 | D:4      | Killed a phantom
  2778 | D:4      | Reached XP level 7. HP: 36/41 MP: 7/7
  2941 | D:4      | Found a white marble altar of Elyvilon.
  3008 | D:4      | Noticed Menkaure
  3019 | D:4      | Killed Menkaure
  3643 | D:5      | Entered Level 5 of the Dungeon
  3667 | D:5      | Found a blossoming altar of Fedhas.
  3806 | D:5      | Reached skill level 10 in Armour
  3807 | D:5      | Reached XP level 8. HP: 41/46 MP: 8/8
  4603 | D:6      | Found Byxzuh's Armour Shoppe.
  5103 | D:6      | Found a snail-covered altar of Cheibriados.
  5468 | D:6      | Found a blossoming altar of Fedhas.
  5555 | D:6      | Reached XP level 9. HP: 4/51 MP: 9/9
  6711 | D:7      | Reached skill level 5 in Maces & Flails
  6738 | D:7      | Gained mutation: You are resistant to hostile enchantments. [mutagenic meat]
  6739 | D:7      | Gained mutation: Armour fits poorly on your strangely shaped body. [mutagenic meat]
  6743 | D:7      | Gained mutation: You are weak. (Str -2) [potion of mutation]
  6743 | D:7      | Gained mutation: You tend to lose your temper in combat. [potion of mutation]
  6743 | D:7      | Gained mutation: You are very weak. (Str -4) [potion of mutation]
  6744 | D:7      | Lost mutation: Armour fits poorly on your strangely shaped body. [potion of mutation]
  6744 | D:7      | Gained mutation: You are partially covered in rugged brown scales (AC +1, +3% HP). [potion of mutation]
  6744 | D:7      | Lost mutation: You are very weak. (Str -4) [potion of mutation]
  6745 | D:7      | Gained mutation: You are frail (-10% HP). [potion of mutation]
  6745 | D:7      | Gained mutation: You are somewhat resistant to further mutation. [potion of mutation]
  6746 | D:7      | Lost mutation: You tend to lose your temper in combat. [potion of cure mutation]
  6746 | D:7      | Lost mutation: You are weak. (Str -2) [potion of cure mutation]
  6746 | D:7      | Lost mutation: You are frail (-10% HP). [potion of cure mutation]
  6746 | D:7      | Lost mutation: You are resistant to hostile enchantments. [potion of cure mutation]
  6746 | D:7      | Lost mutation: You are somewhat resistant to further mutation. [potion of cure mutation]
  6752 | D:7      | Found a staircase to the Ecumenical Temple.
  6764 | Temple   | Entered the Ecumenical Temple
  6799 | Temple   | Became a worshipper of Warmaster Okawaru
  7160 | D:7      | Found Zaguptem's Gadget Shop.
  7486 | D:8      | Found a sand-covered staircase.
  7508 | Ossuary  | Entered an ossuary
  7923 | D:8      | Found a sacrificial altar of Ru.
  7926 | D:8      | Found a sparkling altar of Nemelex Xobeh.
  7926 | D:8      | Found a basalt altar of Yredelemnul.
  7926 | D:8      | Found a stormy altar of Qazlal.
  7928 | D:8      | Found an oddly glowing altar of Pakellas.
  7928 | D:8      | Found a glowing silver altar of Zin.
  7929 | D:8      | Found a bloodstained altar of Trog.
  8198 | D:8      | Found a shadowy altar of Dithmenos.
  8206 | D:8      | Reached XP level 10. HP: 57/57 MP: 10/10
  8214 | D:8      | Reached * piety under Okawaru
  8414 | D:8      | Reached skill level 1 in Invocations
  8693 | D:9      | Found a flagged portal.
  8714 | Bailey   | Entered a bailey
  8809 | Bailey   | Noticed BulkMonkey's ghost (novice DDSk)
  8845 | Bailey   | Killed BulkMonkey's ghost
  8845 | Bailey   | Reached ** piety under Okawaru
  8845 | Bailey   | Reached skill level 5 in Fighting
  9116 | Bailey   | Noticed an orc warlord
  9139 | Bailey   | Noticed an orc knight
  9183 | Bailey   | Killed an orc warlord
  9183 | Bailey   | Reached *** piety under Okawaru
  9229 | Bailey   | Noticed George's ghost (novice MiFi)
  9299 | Bailey   | HP: 3/64 [orc warrior/broad axe (8)]
  9304 | Bailey   | Killed George's ghost
  9304 | Bailey   | Reached XP level 11. HP: 43/70 MP: 12/16
  9607 | Bailey   | Killed an orc knight
  9607 | Bailey   | Reached **** piety under Okawaru
  9717 | Bailey   | Got a distressingly furry chain mail
  9728 | Bailey   | Identified the +6 chain mail of the Snake Pit {rN++ MP+9 Int-3} (You found it in a bailey)
  9837 | D:9      | Identified 2 scrolls of acquirement
 10164 | D:9      | Noticed ThereIsNoGod's ghost (novice GrFi)
 10201 | D:9      | Killed ThereIsNoGod's ghost
 10451 | D:10     | Entered Level 10 of the Dungeon
 10510 | D:10     | Found a staircase to the Lair.
 10534 | D:10     | Received a gift from Okawaru
 10557 | D:10     | Noticed Nergalle
 10614 | D:10     | Killed Nergalle
 10614 | D:10     | Reached ***** piety under Okawaru
 10920 | D:10     | Got a crude chain mail
 10931 | D:10     | Identified the +4 chain mail "Aruat" {Dex+6} (You found it on level 10 of the Dungeon)
 11087 | D:10     | Found a portal to a secret trove of treasure.
 11320 | D:11     | Noticed a white ugly thing
 11335 | D:11     | Killed a white ugly thing
 11337 | D:11     | Reached skill level 10 in Fighting
 11598 | D:11     | Noticed Grum
 11615 | D:11     | Killed Grum
 11853 | D:11     | Gained mutation: You are partially covered in rough black scales (AC +4, Dex -1). [mutagenic meat]
 11854 | D:11     | Gained mutation: You are resistant to hostile enchantments. [mutagenic meat]
 12013 | D:11     | Reached XP level 12. HP: 75/81 MP: 19/19
 12178 | D:12     | Reached skill level 10 in Invocations
 12277 | D:12     | Found a staircase to the Orcish Mines.
 12302 | D:12     | Noticed a six-headed hydra
 12312 | D:12     | Killed a six-headed hydra
 12312 | D:12     | Received a gift from Okawaru
 13426 | D:12     | Reached skill level 1 in Dodging
 13536 | D:13     | Found Xuggyir's Antique Weapon Emporium.
 13893 | D:13     | Got a smoking buckler
 13904 | D:13     | Identified the +5 buckler of an ossuary {rF+ Regen+ Str-4 Int+2} (You found it on level 13 of the Dungeon)
 13999 | D:13     | Noticed a centaur warrior
 14009 | D:13     | Killed a centaur warrior
 14229 | D:13     | Noticed Erolcha
 14239 | D:13     | Killed Erolcha
 14471 | D:13     | Reached XP level 13. HP: 89/89 MP: 21/21
 14762 | D:13     | Reached ****** piety under Okawaru
 14767 | D:13     | Reached skill level 5 in Dodging
 14960 | D:13     | Bought a scorched war axe for 229 gold pieces
 14960 | D:13     | Identified the +9 war axe of Teextoc {drain, rPois Str+4 Int-3} (You bought it in a shop on level 13 of the Dungeon)
 15139 | D:14     | Found Fotauc's Antique Weapon Shop.
 15162 | D:14     | Gained mutation: You are robust (+10% HP). [mutagenic meat]
 15163 | D:14     | Gained mutation: Your natural rate of healing is unusually fast. [mutagenic meat]
 15164 | D:14     | Gained mutation: You passively map a small area around you. [mutagenic meat]
 15166 | D:14     | Got an encrusted plate armour
 15177 | D:14     | Identified the +3 plate armour of Sloth {rN+ MR+ Int-2} (You found it on level 14 of the Dungeon)
 15225 | D:14     | Gained mutation: You are agile. (Dex +2) [mutagenic meat]
 15226 | D:14     | Gained mutation: Your muscles are strong. (Str +2) [mutagenic meat]
 15227 | D:14     | Lost mutation: You are robust (+10% HP). [mutagenic meat]
 15294 | D:14     | Received a gift from Okawaru
 15401 | D:14     | Found Paehair's Jewellery Boutique.
 15418 | D:14     | Noticed Rupert
 15421 | D:14     | Noticed Donald
 15471 | D:14     | Killed Rupert
 15487 | D:14     | Killed Donald
 15614 | D:14     | Received a gift from Okawaru
 15706 | D:14     | Found a gate to the Vaults.
 15918 | D:14     | Lost mutation: You passively map a small area around you. [mutagenic meat]
 15919 | D:14     | Gained mutation: Your movements are slightly less encumbered by armour (ER -2). [mutagenic meat]
 15923 | D:15     | Entered Level 15 of the Dungeon
 16221 | D:14     | Gained mutation: You have a pair of small horns on your head. [mutagenic meat]
 16222 | D:14     | Lost mutation: You are partially covered in rough black scales (AC +4, Dex -1). [mutagenic meat]
 16237 | D:15     | Found a staircase to the Depths.
 16237 | D:15     | Noticed a fire giant
 16368 | Lair:1   | Entered Level 1 of the Lair of Beasts
 16547 | Lair:1   | Gained mutation: Your large and strong wings let you fly indefinitely. [Gargoyle growth]
 16547 | Lair:1   | Reached XP level 14. HP: 98/98 MP: 22/22
 16579 | Lair:1   | Found a frozen archway.
 16595 | IceCv    | Entered an ice cave
 16616 | IceCv    | Reached skill level 15 in Fighting
 16620 | IceCv    | Received a gift from Okawaru
 17037 | IceCv    | Got a vibrating glass ring
 17038 | IceCv    | Identified the ring "Umpin" {SustAt rPois Int+3 Stlth+} (You found it in an ice cave)
 17054 | IceCv    | Got a twitching lapis lazuli ring
 17055 | IceCv    | Identified the ring "Qingoyri" {+Fly Dex+2 Stlth+} (You found it in an ice cave)
 19491 | Lair:4   | Received a gift from Okawaru
 19980 | Lair:5   | Got a shimmering platinum ring
 19982 | Lair:5   | Identified the ring of Harmony {*Tele *Confuse rN+ Str+2} (You found it on level 5 of the Lair of Beasts)
 20716 | Lair:6   | Found a staircase to the Slime Pits.
 20936 | Lair:6   | Found a staircase to the Snake Pit.
 21075 | Lair:6   | Found a staircase to the Swamp.
 21850 | Lair:7   | Reached skill level 10 in Dodging
 22080 | Lair:8   | Entered Level 8 of the Lair of Beasts
 22221 | Lair:8   | Got a jewelled scimitar
 22228 | Lair:8   | Reached XP level 15. HP: 83/108 MP: 23/23
 22231 | Lair:8   | Identified the +4 scimitar "Dacwochovu" {slice, rC+ Int+4} (You found it on level 8 of the Lair of Beasts)
 22653 | Lair:8   | Found a burning altar of Makhleb.
 23025 | Lair:8   | Received a gift from Okawaru
 23028 | Lair:8   | Got a scorched demon whip {god gift}
 23035 | Lair:8   | Identified the +7 demon whip of Perversion {venom, -Tele Int+7 SInv} (Okawaru gifted it to you on level 8 of the Lair of Beasts)
 23163 | Lair:8   | Found a gateway to Hell.
 23178 | Lair:8   | Identified a +1 rod of ignition (12/12) (You found it on level 8 of the Lair of Beasts)
 23460 | Orc:1    | Entered Level 1 of the Orcish Mines
 23465 | Orc:1    | Found Wibbeim's Armour Boutique.
 23625 | Orc:2    | Entered Level 2 of the Orcish Mines
 23653 | Orc:2    | Found Helonirr's General Store.
 23659 | Orc:1    | Found Yddeiw's Distillery.
 23659 | Orc:1    | Found Qoth's Gadget Boutique.
 23690 | Orc:1    | Found Kamef's Assorted Antiques.
 23708 | Orc:1    | Bought a potion of heal wounds for 135 gold pieces
 23731 | Orc:1    | Found a roughly hewn altar of Beogh.
 23781 | Orc:1    | Found Unattint's Food Boutique.
 23923 | Orc:2    | Found a staircase to the Elven Halls.
 24093 | Orc:2    | Bought a potion of curing for 39 gold pieces
 24093 | Orc:2    | Bought a scroll of blinking for 97 gold pieces
 24093 | Orc:2    | Bought a potion of curing for 39 gold pieces
 24093 | Orc:2    | Bought a scroll of fear for 45 gold pieces
 24118 | Orc:2    | Found Gepsith's Gadget Emporium.
 24118 | Orc:2    | Found Bigotop's Jewellery Shop.
 24119 | Orc:2    | Found Zathom's Armour Shop.
 24119 | Orc:2    | Found Tijoqaujusch's Armour Shoppe.
 24133 | Orc:2    | Received a gift from Okawaru
 24190 | Orc:2    | Got an encrusted cloak {god gift}
 24201 | Orc:2    | Identified the +0 cloak "Conk" {Dex+3} (Okawaru gifted it to you on level 2 of the Orcish Mines)
 24737 | Swamp:1  | Entered Level 1 of the Swamp
 24788 | Swamp:1  | Noticed a thorn hunter
 24807 | Swamp:1  | Killed a thorn hunter
 25026 | Swamp:1  | Reached XP level 16. HP: 84/117 MP: 24/24
 25873 | Swamp:2  | Reached skill level 15 in Armour
 26070 | Swamp:2  | Got a pair of transparent boots
 26081 | Swamp:2  | Identified the +2 pair of boots of Demons {Int+9 Slay+3 Stlth-} (You acquired it on level 2 of the Swamp)
 26389 | Swamp:3  | Received a gift from Okawaru
 26835 | Swamp:3  | Noticed a tentacled monstrosity
 26849 | Swamp:3  | Killed a tentacled monstrosity
 26949 | Swamp:3  | Noticed Kirke
 26961 | Swamp:3  | Killed Kirke
 26961 | Swamp:3  | Received a gift from Okawaru
 26965 | Swamp:3  | Got a pair of polished boots {god gift}
 26976 | Swamp:3  | Identified the +0 pair of boots of Orpheala {rC++ Regen+ Slay-6} (Okawaru gifted it to you on level 3 of the Swamp)
 27182 | Swamp:3  | Got an ancient mace
 27193 | Swamp:3  | Identified the +5 mace "Jiebos" {holy, rC+ MR+ MP+9 Str+3} (You found it on level 3 of the Swamp)
 27311 | Swamp:4  | Entered Level 4 of the Swamp
 27634 | Swamp:4  | Noticed Roxanne
 27694 | Swamp:4  | Killed Roxanne
 27838 | Swamp:4  | Reached XP level 17. HP: 122/122 MP: 25/25
 27878 | Swamp:4  | Noticed a tentacled monstrosity
 27910 | Swamp:4  | Killed a tentacled monstrosity
 27910 | Swamp:4  | Reached skill level 5 in Shields
 27951 | Swamp:4  | Got a decaying rune of Zot
 27992 | Swamp:4  | Received a gift from Okawaru
 28651 | Snake:1  | Entered Level 1 of the Snake Pit
 29501 | Snake:2  | Reached skill level 10 in Maces & Flails
 30346 | Snake:3  | Noticed Vashnia
 30417 | Snake:3  | Received a gift from Okawaru
 30461 | Snake:3  | Identified the Grimoire of Fire (You found it on level 3 of the Snake Pit)
 30514 | Snake:3  | Found Olintul's Food Shop.
 30597 | Snake:3  | Reached XP level 18. HP: 128/128 MP: 26/26
 30693 | Snake:3  | Killed Vashnia
 31060 | Snake:4  | Entered Level 4 of the Snake Pit
 31185 | Snake:4  | Learned a level 2 spell: Repel Missiles
 31266 | Snake:4  | Reached skill level 10 in Shields
 31292 | Snake:4  | Noticed Aizul
 31314 | Snake:4  | Killed Aizul
 31314 | Snake:4  | Reached skill level 1 in Charms
 31317 | Snake:4  | Reached skill level 1 in Air Magic
 31339 | Snake:4  | Received a gift from Okawaru
 31581 | Snake:4  | Received a gift from Okawaru
 31582 | Snake:4  | Got a crude plate armour {god gift}
 31598 | Snake:4  | Reached skill level 5 in Charms
 31684 | Snake:4  | Identified the +7 plate armour of Incorporation {MR+ rCorr} (Okawaru gifted it to you on level 4 of the Snake Pit)
 31779 | Snake:4  | Learned a level 8 spell: Controlled Blink
 31810 | Snake:4  | Got a serpentine rune of Zot
 31895 | Snake:4  | Reached skill level 1 in Translocations
 32801 | D:15     | Reached XP level 19. HP: 135/135 MP: 25/27
 32903 | D:15     | Noticed Agnes
 32909 | D:15     | Killed Agnes
 33314 | D:15     | Noticed Azrael
 33337 | D:15     | Killed Azrael
 33342 | D:15     | Received a gift from Okawaru
 33355 | D:15     | Got a steaming chain mail {god gift}
 33366 | D:15     | Identified the +2 chain mail of Summertime {MR+ Str+2 Int-3} (Okawaru gifted it to you on level 15 of the Dungeon)
 33715 | Elf:1    | Entered Level 1 of the Elven Halls
 34131 | Elf:1    | Reached skill level 5 in Translocations
 34896 | Elf:2    | Found Ofet's Assorted Antiques.
 34901 | Elf:2    | Bought a scroll of acquirement for 1352 gold pieces
 35264 | Elf:2    | Found a huge runed gate.
 35264 | Elf:2    | Found a huge runed gate.
 35264 | Elf:2    | Found a huge runed gate.
 35270 | Elf:2    | Found a huge runed gate.
 35270 | Elf:2    | Found a huge runed gate.
 35675 | Elf:3    | Entered Level 3 of the Elven Halls
 35723 | Elf:3    | Found a magical portal.
 35728 | WizLab   | Entered Lehudib's Moon Base
 35843 | WizLab   | Reached XP level 20. HP: 120/144 MP: 19/28
 36151 | WizLab   | Received a gift from Okawaru
 36174 | WizLab   | Got a steaming flail {god gift}
 36175 | WizLab   | Identified the +8 flail of Doom {holy, Str+2} (Okawaru gifted it to you in a wizard's laboratory)
 36258 | WizLab   | Reached skill level 10 in Translocations
 36341 | WizLab   | Paralysed by accursed screaming for 1 turns
 36948 | WizLab   | Gained mutation: You can translocate small distances at will. [potion of beneficial mutation]
 37206 | WizLab   | Learned a level 3 spell: Regeneration
 37327 | Elf:3    | Noticed Louise
 37338 | Elf:3    | Killed Louise
 37837 | Elf:3    | Noticed a Tzitzimitl
 37841 | Elf:3    | Received a gift from Okawaru
 38192 | Elf:3    | Got a pair of polished boots {god gift}
 38193 | Elf:3    | Identified the +1 pair of boots of the Ditch-Digger {-Cast *Drain rN+ Str+8} (Okawaru gifted it to you on level 3 of the Elven Halls)
 38325 | Elf:3    | Reached XP level 21. HP: 147/150 MP: 29/29
 38347 | Elf:3    | Lost mutation: You are agile. (Dex +2) [a cacodemon]
 38495 | Elf:3    | Noticed a Tzitzimitl
 38542 | Elf:3    | Learned a level 5 spell: Lee's Rapid Deconstruction
 38543 | Elf:3    | Got a scorched bronze amulet
 38545 | Elf:3    | Identified the amulet "Ululogeu" {Inacc +Blink Str+3 Int+2 Dex+3} (You found it on level 3 of the Elven Halls)
 38673 | Elf:3    | Got a pitted scale mail
 38676 | Elf:3    | Got a blackened dagger
 38687 | Elf:3    | Identified the +4 dagger of Agony {pierce, +Blink rPois Str+3} (You found it on level 3 of the Elven Halls)
 38688 | Elf:3    | Identified the cursed +1 scale mail of Adeewagg {rElec SInv} (You found it on level 3 of the Elven Halls)
 38729 | Elf:3    | Got an encrusted plate armour
 38730 | Elf:3    | Identified the cursed +1 plate armour "Votifr Iblym" {Regen+ Str+2 Dex+3} (You found it on level 3 of the Elven Halls)
 39050 | Vaults:1 | Entered Level 1 of the Vaults
 39072 | Vaults:1 | Found Ucsotits's Distillery.
 39091 | Vaults:1 | Reached skill level 1 in Spellcasting
 39107 | Vaults:1 | Reached skill level 1 in Necromancy
 39176 | Vaults:1 | Bought a potion of resistance for 130 gold pieces
 39176 | Vaults:1 | Bought a potion of invisibility for 104 gold pieces
 39176 | Vaults:1 | Bought 2 potions of berserk rage for 130 gold pieces
 39176 | Vaults:1 | Bought a potion of haste for 130 gold pieces
 39176 | Vaults:1 | Bought a potion of curing for 39 gold pieces
 39176 | Vaults:1 | Bought a potion of might for 52 gold pieces
 39176 | Vaults:1 | Bought a potion of curing for 39 gold pieces
 39565 | Vaults:1 | Learned a level 5 spell: Dispel Undead
 39708 | Vaults:1 | Reached skill level 5 in Spellcasting
 39734 | Vaults:1 | Received a gift from Okawaru
 39864 | Vaults:1 | Reached skill level 5 in Necromancy
 40158 | Vaults:1 | Noticed Norris
 40184 | Vaults:1 | Killed Norris
 40742 | Vaults:2 | Found Folasip's Jewellery Boutique.
 40865 | Vaults:2 | Reached XP level 22. HP: 97/156 MP: 22/32
 41823 | Vaults:2 | Cast into level 3 of the Abyss (a deep elf sorcerer)
 41879 | Vaults:2 | Escaped the Abyss
 42367 | Vaults:3 | Found a staircase to the Crypt.
 42437 | Vaults:3 | Received a gift from Okawaru
 42853 | Vaults:3 | Reached skill level 10 in Spellcasting
 42963 | Vaults:3 | Received a gift from Okawaru
 42975 | Vaults:3 | Got an ichor-stained large shield {god gift}
 42976 | Vaults:3 | Identified the +8 large shield of Pathos {MR++ Int-4} (Okawaru gifted it to you on level 3 of the Vaults)
 44215 | Vaults:4 | Reached XP level 23. HP: 154/161 MP: 37/37
 44583 | Vaults:5 | Entered Level 5 of the Vaults
 44592 | Vaults:5 | Noticed Jory
 44627 | Vaults:4 | Killed Jory
 44627 | Vaults:4 | Received a gift from Okawaru
 44717 | Vaults:5 | Noticed an ancient lich
 44765 | Vaults:5 | Killed an ancient lich
 44809 | Vaults:5 | Noticed an ancient lich
 44826 | Vaults:5 | Killed an ancient lich
 45174 | Vaults:5 | Received a gift from Okawaru
 45197 | Vaults:5 | Noticed Xtahua
 45200 | Vaults:5 | Noticed Saint Roka
 45222 | Vaults:5 | Killed Xtahua
 45242 | Vaults:5 | Noticed blami's ghost (veteran MiGl)
 45251 | Vaults:5 | Killed Saint Roka
 45275 | Vaults:5 | Reached XP level 24. HP: 113/167 MP: 32/37
 45334 | Vaults:5 | Killed blami's ghost
 45391 | Vaults:5 | Noticed Boris
 45401 | Vaults:5 | Killed Boris
 45488 | Vaults:5 | Noticed a caustic shrike
 45494 | Vaults:5 | a caustic shrike changed into an iron dragon
 45887 | Vaults:5 | Noticed Margery
 45963 | Vaults:5 | Killed Margery
 46007 | Vaults:5 | Received a gift from Okawaru
 46027 | Vaults:5 | Got a crude bronze ring
 46029 | Vaults:5 | Got a twisted chain mail {god gift}
 46030 | Vaults:5 | Identified the ring of Lannelequot {rPois rC+ Str-5 Int+6 SInv} (You took it off a frost giant on level 5 of the Vaults)
 46031 | Vaults:5 | Identified the +0 chain mail of Jigsaw {Int+3 Dex-3} (Okawaru gifted it to you on level 5 of the Vaults)
 46090 | Vaults:5 | Got a slimy jade ring
 46358 | Vaults:5 | Identified the cursed ring "Arrequb" {rF+ rC- rN+ EV-2 Slay+2} (You took it off a yaktaur captain on level 5 of the Vaults)
 46404 | Vaults:5 | Got a silver rune of Zot
 47010 | Vaults:5 | Got a bloodstained hand axe
 47011 | Vaults:5 | Identified the +5 hand axe of Iconoclasm {vamp, rC+ Dex+6} (You found it on level 5 of the Vaults)
 47400 | Depths:1 | Entered Level 1 of the Depths
 47477 | Depths:1 | Found a gateway to a ziggurat.
 47818 | Depths:1 | Learned a level 9 spell: Tornado
 48190 | Depths:1 | Reached XP level 25. HP: 159/173 MP: 37/37
 48331 | Depths:1 | Found a one-way gate to the infinite horrors of the Abyss.
 48694 | Depths:2 | Received a gift from Okawaru
 49003 | Depths:2 | Found a shimmering altar of Xom.
 49286 | Depths:2 | Found a one-way gate leading to the halls of Pandemonium.
 49461 | Depths:3 | Reached skill level 15 in Dodging
 49672 | Depths:3 | Noticed a juggernaut
 49750 | Depths:3 | Killed a juggernaut
 50329 | Depths:3 | Received a gift from Okawaru
 51364 | Depths:5 | Entered Level 5 of the Depths
 51389 | Depths:5 | Paralysed by a sphinx for 6 turns
 51656 | Depths:5 | Reached XP level 26. HP: 182/182 MP: 37/37
 51792 | Depths:5 | Received a gift from Okawaru
 51840 | Depths:5 | Paralysed by a giant eyeball for 2 turns
 52147 | Depths:5 | Received a gift from Okawaru
 53029 | D:10     | You paid a toll of a +2 gold dragon armour to enter a treasure trove
 53030 | Trove    | Entered a treasure trove
 53089 | Trove    | Identified Sif Muna's Tome of Creative Conjuration
 53100 | Trove    | Identified Sif Muna's Handbook of Changing and Protection
 53104 | Trove    | Identified the Compendium of Ashen Beguiling
 53112 | Trove    | Identified Sif Muna's Almanac of Helpful Displacement
 53127 | Trove    | Identified the Tome of Attacks and Contamination
 53301 | Slime:1  | Entered Level 1 of the Pits of Slime
 53577 | Slime:6  | Entered Level 6 of the Pits of Slime
 53577 | Slime:6  | Noticed Scarto's ghost (adept DsFi)
 53586 | Slime:6  | Gained mutation: Scrolls take you a little longer to read. [a shining eye]
 53598 | Slime:5  | Received a gift from Okawaru
 53682 | Slime:6  | Killed Scarto's ghost
 53858 | Slime:6  | Paralysed by a great orb of eyes for 3 turns
 53909 | Slime:6  | Noticed the Royal Jelly
 53967 | Slime:6  | Killed the Royal Jelly
 53967 | Slime:6  | Received a gift from Okawaru
 54028 | Slime:5  | Gained mutation: You expend magic power (3 MP) to strengthen your wands. [a shining eye]
 54039 | Slime:5  | Gained mutation: You are clumsy. (Dex -2) [a shining eye]
 54051 | Slime:5  | Gained mutation: You occasionally shout uncontrollably at your foes. [a shining eye]
 54473 | Slime:6  | Got a translucent turquoise ring
 54477 | Slime:6  | Got a slimy rune of Zot
 54489 | Slime:6  | Identified the ring "Rageovi" {Ice Str+5} (You found it on level 6 of the Pits of Slime)
 54543 | Slime:6  | Identified the Volume of the Voyage (You found it on level 6 of the Pits of Slime)
 54547 | Slime:6  | Got a warped dagger
 54550 | Slime:6  | Identified the +6 dagger of Disorder {vamp, Fragile rF++ MP+9 Stlth+} (You found it on level 6 of the Pits of Slime)
 54558 | Slime:6  | Got an encrusted war axe
 54561 | Slime:6  | Identified the +6 war axe "Juatan" {chop, Int+4} (You found it on level 6 of the Pits of Slime)
 54590 | Slime:6  | Got a dazzling chain mail {god gift}
 54593 | Slime:6  | Identified the +5 chain mail of Divine Intervention {rPois rC+ Str+2} (Okawaru gifted it to you on level 6 of the Pits of Slime)
 54685 | Slime:6  | Got a scorched chain mail
 54688 | Slime:6  | Identified the +5 chain mail of the Kettle-Drum {Regen+ Int+5} (You found it on level 6 of the Pits of Slime)
 54690 | Slime:6  | Got a clouded bone ring
 54693 | Slime:6  | Identified the ring "Zefet" {*Confuse rC+ EV+4 Str+3 Stlth+} (You found it on level 6 of the Pits of Slime)
 54709 | Slime:6  | Got a twisted mace
 54712 | Slime:6  | Identified the +5 mace "Esira" {antimagic, rElec rPois Str+5 Dex-2} (You found it on level 6 of the Pits of Slime)
 55342 | Depths:5 | Lost mutation: Your muscles are strong. (Str +2) [potion of mutation]
 55342 | Depths:5 | Lost mutation: Scrolls take you a little longer to read. [potion of mutation]
 55343 | Depths:5 | Lost mutation: You expend magic power (3 MP) to strengthen your wands. [potion of cure mutation]
 55343 | Depths:5 | Lost mutation: You are clumsy. (Dex -2) [potion of cure mutation]
 55343 | Depths:5 | Lost mutation: You occasionally shout uncontrollably at your foes. [potion of cure mutation]
 55343 | Depths:5 | Lost mutation: You are resistant to hostile enchantments. [potion of cure mutation]
 55343 | Depths:5 | Lost mutation: Your movements are slightly less encumbered by armour (ER -2). [potion of cure mutation]
 55457 | Depths:5 | Found a gate to the Realm of Zot.
 56308 | Temple   | Fell from the grace of Okawaru
 56308 | Temple   | Became a worshipper of the Shining One
 56621 | Crypt:1  | Entered Level 1 of the Crypt
 56694 | Crypt:1  | Reached XP level 27. HP: 192/193 MP: 37/37
 56709 | Crypt:1  | Reached * piety under the Shining One
 56853 | Crypt:1  | Reached ** piety under the Shining One
 57458 | Crypt:1  | Reached *** piety under the Shining One
 57752 | Crypt:1  | Reached **** piety under the Shining One
 58463 | Crypt:2  | Reached skill level 27 in Armour
 58651 | Crypt:2  | Reached ***** piety under the Shining One
 59139 | Crypt:2  | Reached ****** piety under the Shining One
 59907 | Temple   | Identified a +9 sacred scourge of holy wrath (a +7 demon whip of freezing blessed by the Shining One)
 59907 | Temple   | Received a gift from the Shining One
 59977 | D:8      | Fell from the grace of the Shining One
 59977 | D:8      | Became a worshipper of Zin the Law-Giver
 59977 | D:8      | Reached * piety under Zin
 59977 | D:8      | Reached ** piety under Zin
 59977 | D:8      | Reached *** piety under Zin
 59977 | D:8      | Reached **** piety under Zin
 59977 | D:8      | Reached ***** piety under Zin
 60283 | Crypt:3  | Entered Level 3 of the Crypt
 60648 | Crypt:3  | Was forgiven by Okawaru
 60856 | Crypt:3  | Found a basalt altar of Yredelemnul.
 61043 | Crypt:3  | Reached ****** piety under Zin
 61134 | Crypt:3  | Found a staircase to the Tomb.
 61592 | Crypt:3  | Reached skill level 15 in Invocations
 62518 | Depths:1 | Voluntarily entered the Abyss.
 62624 | Depths:1 | Escaped the Abyss
 62626 | Depths:1 | Voluntarily entered the Abyss.
 63959 | Abyss:3  | Found a sparkling altar of Nemelex Xobeh.
 65047 | Abyss:4  | Found a corrupted altar of Lugonu.
 65330 | Abyss:4  | Found a corrupted altar of Lugonu.
 65532 | Abyss:5  | Entered Level 5 of the Abyss
 65532 | Abyss:5  | Found a corrupted altar of Lugonu.
 65583 | Abyss:5  | Got an abyssal rune of Zot
 65604 | Abyss:5  | Found a corrupted altar of Lugonu.
 65642 | Depths:1 | Escaped the Abyss
 65713 | Pan      | Entered Pandemonium
 65989 | Pan      | Found an exit through the horrors of the Abyss.
 66158 | Pan      | Found a basalt altar of Yredelemnul.
 66792 | Pan      | Noticed Xoachoci the pandemonium lord
 66826 | Pan      | Killed Xoachoci the pandemonium lord
 66995 | Pan      | Noticed Qenoomem the pandemonium lord
 67005 | Pan      | Killed Qenoomem the pandemonium lord
 67035 | Pan      | Found an exit through the horrors of the Abyss.
 67361 | Pan      | Got a dazzling helmet
 67362 | Pan      | Identified the cursed +0 helmet of Quantum Leap {+Fly rElec MR- Regen+} (You found it in Pandemonium)
 67684 | Pan      | Noticed Juwki the pandemonium lord
 67714 | Pan      | Killed Juwki the pandemonium lord
 67850 | Pan      | Found an exit through the horrors of the Abyss.
 68095 | Pan      | Noticed Fysobb the pandemonium lord
 68110 | Pan      | Killed Fysobb the pandemonium lord
 68363 | Pan      | Found a huge runed gate.
 68870 | Pan      | Found an exit through the horrors of the Abyss.
 69388 | Pan      | Noticed Intupuin the pandemonium lord
 69401 | Pan      | Killed Intupuin the pandemonium lord
 69541 | Pan      | Found an exit through the horrors of the Abyss.
 70403 | Pan      | Found an exit through the horrors of the Abyss.
 70571 | Pan      | Noticed Diez the pandemonium lord
 70588 | Pan      | Killed Diez the pandemonium lord
 71022 | Pan      | Found an exit through the horrors of the Abyss.
 71206 | Pan      | Found an exit through the horrors of the Abyss.
 71248 | Pan      | Found a huge runed gate.
 71887 | Pan      | Noticed Sucw the pandemonium lord
 71909 | Pan      | Reached skill level 27 in Invocations
 72080 | Pan      | Killed Sucw the pandemonium lord
 72436 | Pan      | Noticed Naeloo the pandemonium lord
 72573 | Pan      | Killed Naeloo the pandemonium lord
 72796 | Pan      | Noticed Necsuofa the pandemonium lord
 73280 | Pan      | Killed Necsuofa the pandemonium lord
 73405 | Pan      | Got a demonic rune of Zot
 73447 | Pan      | Got a jewelled scale mail
 73448 | Pan      | Identified the +5 scale mail of a bailey {+Fly rF+ Str+7 Dex-3} (You found it in Pandemonium)
 73531 | Pan      | Noticed Poodoyc the pandemonium lord
 73565 | Pan      | Killed Poodoyc the pandemonium lord
 74013 | Pan      | Noticed Liffe the pandemonium lord
 74072 | Pan      | Killed Liffe the pandemonium lord
 74174 | Pan      | Entered the realm of Cerebov.
 74818 | Pan      | Found an exit through the horrors of the Abyss.
 75117 | Pan      | Got a faintly humming helmet
 75118 | Pan      | Identified the cursed +0 helmet "Osset" {rC+ Int+6} (You found it in Pandemonium)
 75218 | Pan      | Got a dazzling plate armour
 75220 | Pan      | Identified the +10 plate armour of Gluttony {rPois rCorr Int+3} (You found it in Pandemonium)
 75225 | Pan      | Noticed Cerebov
 75248 | Pan      | Killed Cerebov
 75248 | Pan      | Reached skill level 27 in Fighting
 75267 | Pan      | Got a fiery rune of Zot
 75544 | Pan      | Entered the realm of Gloorx Vloq.
 75703 | Pan      | Found an exit through the horrors of the Abyss.
 76482 | Pan      | Reached skill level 15 in Maces & Flails
 76559 | Pan      | Noticed Gloorx Vloq
 76582 | Pan      | Killed Gloorx Vloq
 76689 | Pan      | Got a dark rune of Zot
 76912 | Pan      | Entered the realm of Mnoleg.
 76947 | Pan      | Noticed Mnoleg
 76952 | Pan      | Paralysed by a giant eyeball for 2 turns
 76997 | Pan      | Paralysed by a giant eyeball for 4 turns
 77002 | Pan      | Killed Mnoleg
 77249 | Pan      | Found an exit through the horrors of the Abyss.
 77743 | Pan      | Got a glowing rune of Zot
 77893 | Pan      | Noticed Ignacio
 77920 | Pan      | Killed Ignacio
 78167 | Pan      | Noticed Menuesuy the pandemonium lord
 78179 | Pan      | Killed Menuesuy the pandemonium lord
 78264 | Pan      | Noticed Ceroz the pandemonium lord
 78273 | Pan      | Killed Ceroz the pandemonium lord
 78411 | Pan      | Noticed Ytsodgh the pandemonium lord
 78419 | Pan      | Killed Ytsodgh the pandemonium lord
 78500 | Pan      | Identified Sif Muna's Papyrus of Supportive Enchantment (You found it in Pandemonium)
 78507 | Pan      | Noticed Mumun Uluf the pandemonium lord
 78538 | Pan      | Killed Mumun Uluf the pandemonium lord
 78562 | Pan      | Identified Sif Muna's Compendium of Supportive Evil Magic
 78668 | Pan      | Found an exit through the horrors of the Abyss.
 78718 | Pan      | Entered the realm of Lom Lobon.
 78849 | Pan      | Found an exit through the horrors of the Abyss.
 79093 | Pan      | Noticed Lom Lobon
 79118 | Pan      | Killed Lom Lobon
 79163 | Pan      | Got a magical rune of Zot
 80083 | Pan      | Found an exit through the horrors of the Abyss.
 80676 | Pan      | Found a runed door.
 81087 | Pan      | Found an exit through the horrors of the Abyss.
 81387 | Pan      | Noticed Qivvuoc the pandemonium lord
 81400 | Pan      | Killed Qivvuoc the pandemonium lord
 81479 | Depths:2 | Escaped Pandemonium
 81550 | Hell     | Entered the Vestibule of Hell
 81550 | Hell     | Noticed Geryon
 81741 | Hell     | Killed Geryon
 81777 | Hell     | Found a gateway to the ashen valley of Gehenna.
 81934 | Hell     | Found a gateway to the decaying netherworld of Tartarus.
 82018 | Hell     | Found a gateway to the freezing wastes of Cocytus.
 82096 | Hell     | Found a gateway to the Iron City of Dis.
 82317 | Tar:1    | Entered Level 1 of Tartarus
 84272 | Tar:7    | Entered Level 7 of Tartarus
 84646 | Tar:7    | Noticed an ancient lich
 84654 | Tar:7    | Killed an ancient lich
 84711 | Tar:7    | Noticed an ancient lich
 84721 | Tar:7    | Killed an ancient lich
 84817 | Tar:7    | Noticed Ereshkigal
 84838 | Tar:7    | Killed Ereshkigal
 84987 | Tar:7    | Got a bone rune of Zot
 86089 | Tar:7    | Got a pitted plate armour
 86090 | Tar:7    | Identified the +8 plate armour of the Armadillo {rC+ rN+ rCorr Int+4} (You found it on level 7 of Tartarus)
 86093 | Tar:7    | Identified the Almanac of Helpful Cold (You found it on level 7 of Tartarus)
 86213 | Dis:1    | Entered Level 1 of the Iron City of Dis
 86657 | Tar:3    | You are sucked into a shaft for 2 floors!
 87603 | Dis:7    | Entered Level 7 of the Iron City of Dis
 88304 | Dis:7    | Reached skill level 27 in Dodging
 88392 | Dis:7    | Noticed Dispater
 88454 | Dis:7    | Killed Dispater
 88795 | Dis:7    | Identified the Papyrus of Aid and the Birds
 88797 | Dis:7    | Got an iron rune of Zot
 88947 | Geh:1    | Entered Level 1 of Gehenna
 89387 | Geh:4    | You are sucked into a shaft for 2 floors!
 89641 | Geh:7    | Entered Level 7 of Gehenna
 89825 | Geh:7    | Noticed the Serpent of Hell
 89856 | Geh:7    | Killed the Serpent of Hell
 90087 | Geh:7    | Identified the Disquisition on the Dislocated Escort
 90116 | Geh:7    | Identified Sif Muna's Catalogue of the Arsonist
 90637 | Geh:7    | Noticed Asmodeus
 90742 | Geh:7    | Got an obsidian rune of Zot
 90814 | Geh:7    | Killed Asmodeus
 91068 | Coc:1    | Entered Level 1 of Cocytus
 92090 | Coc:7    | Entered Level 7 of Cocytus
 92114 | Coc:7    | Reached skill level 15 in Shields
 92797 | Coc:7    | Noticed Antaeus
 92845 | Coc:7    | Killed Antaeus
 92876 | Coc:7    | Got an icy rune of Zot
 93545 | Tomb:1   | Entered Level 1 of the Tomb of the Ancients
 93705 | Tomb:1   | Noticed Mara
 93712 | Tomb:1   | Noticed Yehuk's illusion
 93850 | Tomb:1   | Noticed Yehuk's illusion
 93902 | Tomb:1   | Noticed Yehuk's illusion
 93930 | Tomb:1   | Noticed Yehuk's illusion
 94084 | Tomb:1   | Killed Mara
 94267 | Tomb:1   | Noticed a greater mummy
 94270 | Tomb:1   | Noticed a greater mummy
 94279 | Tomb:1   | Killed a greater mummy
 94292 | Tomb:1   | Killed a greater mummy
 94743 | Tomb:2   | Noticed a greater mummy
 94743 | Tomb:2   | Noticed a greater mummy
 94743 | Tomb:2   | Noticed a greater mummy
 94743 | Tomb:2   | Noticed a greater mummy
 94749 | Tomb:2   | Noticed Frederick
 94756 | Tomb:1   | Killed a greater mummy
 94867 | Tomb:1   | Killed a greater mummy
 94870 | Tomb:1   | Killed a greater mummy
 94953 | Tomb:2   | Killed a greater mummy
 95100 | Tomb:2   | Killed Frederick
 95469 | Tomb:1   | Noticed a greater mummy
 95471 | Tomb:1   | Noticed a greater mummy
 95479 | Tomb:1   | Noticed a greater mummy
 95479 | Tomb:1   | Killed a greater mummy
 95481 | Tomb:1   | Noticed a greater mummy
 95554 | Tomb:1   | Noticed a greater mummy
 95563 | Tomb:2   | Killed a greater mummy
 95581 | Tomb:1   | Killed a greater mummy
 95653 | Tomb:2   | Killed a greater mummy
 95751 | Tomb:1   | Killed a greater mummy
 95767 | Tomb:1   | Noticed a greater mummy
 95780 | Tomb:1   | Killed a greater mummy
 95791 | Tomb:1   | Noticed a greater mummy
 95798 | Tomb:1   | Killed a greater mummy
 95831 | Tomb:1   | Noticed a greater mummy
 95839 | Tomb:1   | Killed a greater mummy
 95847 | Tomb:1   | Noticed a greater mummy
 95855 | Tomb:1   | Killed a greater mummy
 95934 | Tomb:1   | Noticed a greater mummy
 95949 | Tomb:1   | Killed a greater mummy
 96004 | Tomb:1   | Noticed a greater mummy
 96005 | Tomb:1   | Noticed a greater mummy
 96011 | Tomb:1   | Noticed a greater mummy
 96012 | Tomb:1   | Killed a greater mummy
 96015 | Tomb:1   | Noticed a greater mummy
 96016 | Tomb:1   | Killed a greater mummy
 96021 | Tomb:1   | Noticed a greater mummy
 96026 | Tomb:1   | Killed a greater mummy
 96037 | Tomb:1   | Noticed a greater mummy
 96037 | Tomb:1   | Killed a greater mummy
 96040 | Tomb:1   | Killed a greater mummy
 96050 | Tomb:1   | Killed a greater mummy
 96055 | Tomb:1   | Noticed a greater mummy
 96057 | Tomb:1   | Killed a greater mummy
 96058 | Tomb:1   | Noticed a greater mummy
 96062 | Tomb:1   | Killed a greater mummy
 96184 | Tomb:1   | Noticed a greater mummy
 96186 | Tomb:1   | Noticed a greater mummy
 96197 | Tomb:1   | Killed a greater mummy
 96204 | Tomb:1   | Killed a greater mummy
 96387 | Tomb:3   | Entered Level 3 of the Tomb of the Ancients
 96543 | Tomb:3   | Noticed a greater mummy
 96546 | Tomb:3   | Noticed a greater mummy
 96594 | Tomb:3   | Noticed a greater mummy
 96594 | Tomb:3   | Noticed a greater mummy
 96598 | Tomb:2   | Killed a greater mummy
 96766 | Tomb:3   | Noticed a greater mummy
 96766 | Tomb:3   | Noticed a greater mummy
 96773 | Tomb:2   | Killed a greater mummy
 96780 | Tomb:2   | Killed a greater mummy
 96910 | Tomb:2   | Killed a greater mummy
 96951 | Tomb:3   | Noticed a greater mummy
 96953 | Tomb:3   | Noticed a greater mummy
 96962 | Tomb:2   | Killed a greater mummy
 96967 | Tomb:2   | Killed a greater mummy
 97020 | Tomb:2   | Killed a greater mummy
 97027 | Tomb:2   | Killed a greater mummy
 97211 | Tomb:3   | Noticed a greater mummy
 97222 | Tomb:3   | Killed a greater mummy
 97279 | Tomb:3   | Got a clouded ivory amulet
 97284 | Tomb:3   | Identified the amulet "Takletiy" {RegenMP rElec MP+9} (You found it on level 3 of the Tomb of the Ancients)
 97296 | Tomb:3   | Got a smoking ivory ring
 97297 | Tomb:3   | Identified the ring "Ateroupp" {rPois rF+ AC+3 SInv} (You found it on level 3 of the Tomb of the Ancients)
 97613 | Tomb:3   | Got a golden rune of Zot
 98417 | Zot:1    | Entered Level 1 of the Realm of Zot
 98845 | Zot:1    | Gained mutation: You are clumsy. (Dex -2) [mutagenic glow]
 99938 | Zot:3    | Reached skill level 27 in Maces & Flails
101255 | Zot:5    | Entered Level 5 of the Realm of Zot
101409 | Zot:5    | Noticed an ancient lich
101421 | Zot:5    | Killed an ancient lich
101947 | Zot:5    | Noticed an orb of fire
101965 | Zot:5    | Noticed an orb of fire
101966 | Zot:5    | Killed an orb of fire
101985 | Zot:5    | Killed an orb of fire
102107 | Zot:5    | Noticed an orb of fire
102121 | Zot:5    | Noticed an orb of fire
102133 | Zot:5    | Killed an orb of fire
102150 | Zot:5    | Killed an orb of fire
102159 | Zot:5    | Got the Orb of Zot
102226 | Zot:5    | Noticed Mereck the pandemonium lord
102246 | Zot:5    | Killed Mereck the pandemonium lord
102262 | Zot:5    | Noticed Xupyzi the pandemonium lord
102275 | Zot:5    | Killed Xupyzi the pandemonium lord
102537 | Depths:5 | Noticed Waitauh the pandemonium lord
102553 | Depths:5 | Killed Waitauh the pandemonium lord
103086 | D:$      | Escaped with the Orb!

Skill      XL: |  1  2  3  4  5  6  7  8  9 10 11 12 13 14 15 16 17 18 19 20 21 22 23 24 25 26 27 |
---------------+----------------------------------------------------------------------------------+-----
Armour         | 4 5 6 7 8 10 12 14 17 18 20 21 23 25 26 27 | 27.0
Maces & Flails | 7 8 11 12 27 | 27.0
Fighting       | 8 10 12 14 16 18 20 21 23 27 | 27.0
Invocations    | 6 9 11 27 | 27.0
Dodging        | 4 7 10 11 12 13 16 27 | 27.0
Shields        | 8 10 26 | 26.9
Charms         | 5 |  5.0
Air Magic      | 4 |  4.0
Translocations | 3 8 10 | 10.4
Spellcasting   | 7 10 | 10.3
Necromancy     | 6 9 |  9.1

Action                   |  1- 3 |  4- 6 |  7- 9 | 10-12 | 13-15 | 16-18 | 19-21 | 22-24 | 25-27 || total
-------------------------+-------+-------+-------+-------+-------+-------+-------+-------+-------++-------
Melee: Flail             |   129 |   209 |       |       |       |       |       |       |       ||   338
       Mace              |       |   102 |   193 |       |       |       |    23 |     9 |  1154 ||  1481
       Whip              |       |       |   679 |   539 |       |       |       |       |       ||  1218
       Eveningstar       |       |       |       |   540 |    95 |       |       |       |       ||   635
       War axe           |       |       |       |       |   981 |       |       |       |       ||   981
       Headbutt          |       |       |       |       |   308 |   731 |   814 |   942 |  6078 ||  8873
       Demon whip        |       |       |       |       |   183 |  1823 |  2023 |  2174 |  2170 ||  8373
       Sacred scourge    |       |       |       |       |       |       |       |       | 11926 || 11926
 Cast: Repel Missiles    |       |       |       |       |       |     2 |    10 |     3 |     2 ||    17
       Regeneration      |       |       |       |       |       |       |     8 |    11 |     5 ||    24
       Dispel Undead     |       |       |       |       |       |       |       |     5 |       ||     5
Invok: Heroism           |       |       |       |    10 |     6 |     9 |    15 |    12 |    10 ||    62
       Finesse           |       |       |       |       |       |     3 |     6 |     7 |     5 ||    21
       Recite            |       |       |       |       |       |       |       |       |   101 ||   101
       Vitalisation      |       |       |       |       |       |       |       |       |    62 ||    62
       Sanctuary         |       |       |       |       |       |       |       |       |     7 ||     7
       Divine Shield     |       |       |       |       |       |       |       |       |     3 ||     3
       Brand Weapon With |       |       |       |       |       |       |       |       |     1 ||     1
 Abil: Fly               |       |       |       |       |     1 |     5 |       |       |     1 ||     7
Evoke: Wand              |       |       |       |       |     6 |     5 |    10 |       |    29 ||    50
  Use: Potion            |       |     1 |     6 |     9 |     1 |       |    21 |     5 |    27 ||    70
       Scroll            |       |     9 |    13 |     7 |    16 |     4 |    12 |     9 |    59 ||   129
 Stab: Sleeping          |       |       |       |       |       |       |     1 |       |       ||     1
       Confused          |       |       |       |       |       |       |       |       |    62 ||    62
       Distracted        |       |       |       |       |       |       |       |       |     3 ||     3
       Paralysed         |       |       |       |       |       |       |       |       |    10 ||    10
       Invisible         |       |       |       |       |       |       |       |       |     4 ||     4
  Eat: Chunk             |     1 |     5 |    17 |    21 |    24 |       |     5 |     5 |       ||    78
       Beef jerky        |       |     1 |     2 |     1 |     7 |     6 |     1 |     2 |    16 ||    36
       Fruit             |       |       |       |     5 |    10 |       |     4 |     8 |    33 ||    60
       Pizza             |       |       |       |     3 |       |     3 |     1 |     4 |     6 ||    17
       Royal jelly       |       |       |       |       |     3 |     1 |     2 |     1 |     5 ||    12
       Meat ration       |       |       |       |       |       |     3 |     3 |     2 |    23 ||    31
Armor: Scale mail        |    81 |    52 |       |       |       |       |       |       |  1679 ||  1812
       Chain mail        |       |   249 |   538 |   782 |   701 |   641 |   222 |       |       ||  3133
       Troll leather arm |       |       |       |       |       |       |    60 |       |       ||    60
       Plate armour      |       |       |       |       |       |       |   252 |   574 |  1689 ||  2515
Dodge: Dodged            |    51 |    87 |   216 |   305 |   925 |   991 |   897 |   810 | 10742 || 15024
       Deflected         |       |       |       |       |       |    13 |    68 |    20 |     6 ||   107
Block: Shield            |    96 |   211 |   431 |   539 |       |       |       |       |       ||  1277
       Buckler           |       |       |       |    60 |   786 |   966 |   962 |   919 |  7533 || 11226
